 Dungeon Crawl Stone Soup version 0.16-a0-4133-g472b14a (webtiles) character file.

75 Chiseanne the Ogre Mage (level 4, -3/44 HPs)
             Began as an Ogre Transmuter on Mar 3, 2015.
             Slain by a gnoll
             ... wielding a +0 spear
              (5 damage)
             ... on level 2 of the Dungeon.
             The game lasted 00:03:41 (1399 turns).

Chiseanne the Ogre Mage (Ogre Transmuter)           Turns: 1399, Time: 00:03:41

Health: -3/44      AC:  6    Str: 15    XL:     4   Next: 31%
Magic:  8/9        EV: 16    Int: 13    God:
Gold:   90         SH:  0    Dex: 19    Spells: 1 memorised, 8 levels left

rFire  . . .     SeeInvis .     u - +3 quarterstaff (chaos)
rCold  . . .     Clarity  .     c - +0 robe
rNeg   . . .     SustAb   .     (shield restricted)
rPois  +         Gourm    .     (helmet restricted)
rElec  .         Spirit   .     v - +2 cloak {rPois}
rCorr  .         Warding  .     (gloves unavailable)
rMut   .         Stasis   .     (boots unavailable)
MR     .....                    (no amulet)
Stlth  +++.......               (no ring)
                                o - +4 ring of dexterity

@: agile, appendage, not resistant to hostile enchantments, fairly stealthy
A: unfitting armour, talons 3, tough skin 1
a: End Transformation


You were on level 2 of the Dungeon.
You were hungry.
You had grown temporary talons.
You visited 1 branch of the dungeon, and saw 2 of its levels.

You collected 90 gold pieces.

Inventory:

Hand weapons
 u - a +3 quarterstaff of chaos (weapon)
Missiles
 b - 12 arrows
 i - 19 sling bullets
 l - 9 poisoned needles
Armour
 c - a +0 robe (worn)
 v - a +2 cloak of poison resistance (worn)
Jewellery
 o - a +4 ring of dexterity (left hand)
Magical devices
 t - a wand of polymorph (10)
Scrolls
 e - a scroll of teleportation {unknown}
 g - 4 scrolls of fear {unknown}
 h - 5 scrolls of identify {unknown}
 j - a scroll of immolation {unknown}
 m - a scroll of fog {unknown}
 q - a scroll of enchant armour {unknown}
Potions
 n - a potion of invisibility {unknown}
 p - a potion of curing {unknown}
Books
 d - a book of Changes

   Spells                             Type                      Level
   a - Beastly Appendage              Transmutation                1
   b - Sticks to Snakes               Transmutation                2
   c - Spider Form                    Transmutation/Poison         3
   d - Ice Form                       Ice/Transmutation            4
   e - Blade Hands                    Transmutation                5
Comestibles
 a - 2 meat rations
 k - a bread ration
 r - a chunk of flesh


   Skills:
 * Level 2.5 Fighting
 * Level 3.0 Dodging
 - Level 2.6 Unarmed Combat
 * Level 3.1 Spellcasting
 * Level 1.8 Transmutations


You had 8 spell levels left.
You knew the following spells:

 Your Spells              Type           Power        Failure   Level  Hunger
a - Beastly Appendage     Trmt           #.....       12%         1    #......


Dungeon Overview and Level Annotations

Branches:
Dungeon (2/15)

Altars:


Innate Abilities, Weirdness & Mutations

You are too large for most types of armour.
You have tough skin (AC +1).
You have claws for feet.


Message History

The gnoll is severely wounded.
The gnoll barely misses you. The gnoll closely misses you.
You hit the gnoll but do no damage.
The gnoll appears confused.
The gnoll is severely wounded.
The gnoll hits you from afar with a spear.
* * * LOW HITPOINT WARNING * * *
The gnoll throws a throwing net.
The throwing net misses you.
Casting: Beastly Appendage
Confirm with . or Enter, or press ? or * to list all spells.
Your feet morph into talons.
The gnoll misses you.
You sock the gnoll!
You kill the gnoll!
Your Dodging skill increases to level 3!
The gnoll hits you from afar with a spear.
* * * LOW HITPOINT WARNING * * *
Drink which item? (? for menu, Esc to quit)
It was a potion of poison.
You feel slightly nauseous.
The gnoll hits you from afar with a spear.
You die...

#.#.#.#.# #.#...#.#
#.##..#.# #.##....#
#.##..###
######†###.#
.######(.......#.#
#...............#.#
..........g.@..(#>#
##....)...))....#####
#.$...[............##
#........#########..#
##+##....# ##.##
#...### #..# ####
##.# #.# #.#


You could see a gnoll.

Vanquished Creatures
  Crazy Yiuf (D:2)
  An adder (D:2)
  2 gnolls (D:2)
  6 goblins
  2 hobgoblins (D:1)
  A kobold (D:1)
  3 bats
  2 giant cockroaches (D:1)
  2 giant newts (D:2)
  6 rats (D:1)
26 creatures vanquished.

Notes
Turn   | Place    | Note
--------------------------------------------------------------
     0 | D:1      | Chiseanne, the Ogre Transmuter, began the quest for the Orb.
     0 | D:1      | Reached XP level 1. HP: 19/19 MP: 3/3
   440 | D:1      | Reached XP level 2. HP: 27/27 MP: 5/5
   910 | D:2      | Reached XP level 3. HP: 8/35 MP: 6/6
  1303 | D:2      | Noticed Crazy Yiuf
  1313 | D:2      | Killed Crazy Yiuf
  1313 | D:2      | Reached skill level 3 in Spellcasting
  1386 | D:2      | Reached XP level 4. HP: 13/44 MP: 9/9
  1398 | D:2      | HP: 1/44 [gnoll/spear (2)]
  1399 | D:2      | Slain by a gnoll

Action                   |  1- 3 |  4- 6 || total
-------------------------+-------+-------++-------
Melee: Unarmed           |    81 |       ||    81
       Quarterstaff      |     7 |     9 ||    16
 Cast: Beastly Appendage |     2 |     1 ||     3
  Use: Potion            |     1 |     1 ||     2
 Stab: Confused          |     1 |       ||     1
  Eat: Chunk             |     1 |       ||     1
